 Dungeon Crawl Stone Soup version 0.31-a0-1616-gbeaec30b81 (webtiles) character file.

Game seed: 2515552761432923327

716 gruber the Ducker (level 7, -5/35 HPs)
             Began as a Vine Stalker Fighter on Jan 10, 2024.
             Was an Elder of Uskayaw.
             Killed from afar by an orc wizard (12 damage)
             ... with a puff of flame
             ... on level 5 of the Dungeon.
             The game lasted 00:04:19 (3488 turns).

gruber the Ducker (Vine Stalker Fighter)            Turns: 3488, Time: 00:04:19

Health: -5/35      AC:  6    Str: 18    XL:     7   Next: 69%
Magic:  0/8        EV: 11    Int:  8    God:    Uskayaw [****..]
Gold:   119        SH:  5    Dex: 16    Spells: 6/6 levels left

rFire   . . .        l - +6 whip "Ymyteuce" {flame, rElec rPois rN+ rCorr}
rCold   . . .        c - +0 buckler
rNeg    + + .        b - +0 scale mail
rPois   +            (no helmet)
rElec   +            (no cloak)
rCorr   +            (no gloves)
SInv    .            (no boots)
Will    .....        (no amulet) Stlth
                     i - ring of positive energy
HPRegen 1.05/turn    (no ring)
MPRegen 0.11/turn

%: guardian spirit
@: no status effects
A: fangs 2, regeneration 1, magic shield, antimagic bite, no potion heal 2
a: Renounce Religion, Stomp, Line Pass


You were on level 5 of the Dungeon.
You worshipped Uskayaw.
Uskayaw was noncommittal.
You visited 1 branch of the dungeon, and saw 5 of its levels.
You also visited: Sewer.

You collected 119 gold pieces.

Inventory:

Hand Weapons
 a - a +0 rapier
 l - the +6 whip "Ymyteuce" (weapon) {flame, rElec rPois rN+ rCorr}
   (You found it on level 3 of the Dungeon)

   rElec:     It insulates you from electricity.
   rPois:     It protects you from poison rN+: It protects you from negative
   energy.
   rCorr:     It protects you from acid and corrosion.
 t - a +3 dagger
Missiles
 u - 18 poisoned darts (quivered)
Armour
 b - a +0 scale mail (worn)
 c - a +0 buckler (worn)
Jewellery
 i - a ring of positive energy (left hand)
 r - an amulet of regeneration
Wands
 s - a wand of iceblast (5)
Scrolls
 e - a scroll of revelation {unknown}
 f - a scroll of identify {unknown}
 g - 2 scrolls of blinking {unknown}
 h - 5 scrolls of teleportation {unknown}
 k - 2 scrolls of fog {unknown}
 m - a scroll of brand weapon {unknown}
 n - a scroll of fear {unknown}
 q - a scroll of noise {unknown}
 w - a scroll of enchant weapon {unknown}
Potions
 d - a potion of might
 j - 4 potions of brilliance {unknown}
 o - a potion of mutation {unknown}
 p - 3 potions of cancellation {unknown}
 v - 4 potions of invisibility {unknown}
 x - a potion of magic {unknown}
 z - a potion of haste {unknown}


   Skills:
 - Level 2.6 Fighting
 - Level 3.9 Short Blades
 - Level 3.3 Maces & Flails
 * Level 3.5 Armour
 - Level 4.0 Dodging
 - Level 2.6 Shields


You had 6 spell levels left.
You didn't know any spells.
Your spell library contained the following spells:

 Spells                   Type           Power      Damage    Failure   Level
 Sting                    Conj/Alch      0%         1d3       86%         1
 Cigotuvi's Dreadful Rot  Necr/Alch/Air  0%         N/A       95%         2
 Ignite Poison            Fire/Alch      0%         N/A       100%        4
 Freezing Cloud           Conj/Ice/Air   0%         6-21      100%        5


Dungeon Overview and Level Annotations

Branches:
Dungeon (5/15)              Sewer (visited)
 Temple: D:4-7

Altars:
Trog
Uskayaw
Yredelemnul

Shops:
D:3 *


Innate Abilities, Weirdness & Mutations

You have extremely sharp teeth.
Your natural rate of healing is unusually fast.
When hurt, damage is shared between your health and your magic reserves.
Your bite disrupts and absorbs the magic of your enemies.
Potions cannot restore your health.


Message History

Uskayaw will force your foes to share their pain.
Uskayaw links your audience in an emotional bond!
You hit the sleepcap but do no damage.
You hear some strange, mumbled words.
A magic dart appears from out of thin air!
The magic dart hits you. The sleepcap releases spores at you.
You are too injured to fight recklessly!
You are too injured to fight recklessly!
You are too injured to fight recklessly!
Unknown command.
Unknown command.
Unknown command.
You hit the sleepcap but do no damage.
You bite the sleepcap, but do no damage.
The sleepcap releases spores at you.
You are engulfed in a cloud of soporific spores!
You fall asleep.
Something hits you.
You wake up.
Unknown command.
You hit the sleepcap but do no damage.
The sleepcap is no longer sharing its pain.
Something hits you but does no damage. The sleepcap releases spores at you.
* * * LOW HITPOINT WARNING * * *
You are engulfed in a cloud of soporific spores!
You are unaffected.
Unknown command.
You hit the sleepcap. You burn the sleepcap.
The sleepcap is lightly damaged.
You hear some strange, mumbled words.
A magic dart appears from out of thin air!
The magic dart hits you.
* * * LOW HITPOINT WARNING * * *
The sleepcap releases spores at you but does no damage.
Unknown command.
You whack the sleepcap! You burn the sleepcap.
The sleepcap is heavily damaged.
You hear some strange, mumbled words.
A puff of flame appears from out of thin air!
The puff of flame hits you!
You die...

. .. .# #.
##....# .##..
.. ......
#..#.#
#..#.##### .
#.<.......
)...###........
#.....)@#.#####
.#....f{.......
#......#.#####
#........#
#.......# #
....^....
.<......#
######..#


You could see a sleepcap.

Vanquished Creatures
  2 kobold brigands (Sewer)
  A bombardier beetle (D:3)
  2 jellies (D:4)
  4 orc priests
  A sleepcap (D:4)
  8 gnolls (D:4)
  6 river rats (Sewer)
  9 adders
  5 dart slugs
  2 ribbon worms (D:3)
  4 orcs
  4 bats
  9 endoplasms
  5 giant cockroaches
  12 goblins
  A hobgoblin (D:2)
  8 jackals
  19 kobolds
  10 ball pythons
  4 frilled lizards
  23 rats
139 creatures vanquished.

Notes
Turn   | Place    | Note
-------+----------+-------------------------------------------
     0 | D:1      | gruber the Vine Stalker Fighter began the quest for the
                  | Orb.
     0 | D:1      | Reached XP level 1. HP: 11/11 MP: 2/2
   141 | D:1      | Reached XP level 2. HP: 16/16 MP: 3/3
   457 | D:1      | Reached XP level 3. HP: 17/19 MP: 4/4
  1332 | D:2      | Found a faded altar of an unknown god.
  1337 | D:2      | Got Plato's Atlas of Intoxication
  1419 | D:2      | Reached XP level 4. HP: 23/23 MP: 5/5
  1458 | D:3      | Found Yqadijaiff's General Store.
  1472 | D:3      | Identified the +6 whip "Ymyteuce" {flame, rElec rPois rN+
                  | rCorr}
  1678 | D:3      | Reached skill level 1 in Maces & Flails
  1946 | D:3      | Found a hide-covered altar of Uskayaw.
  1946 | D:3      | Found a bloodstained altar of Trog.
  2077 | D:3      | Became a worshipper of Uskayaw the Reveller
  2173 | D:3      | Reached XP level 5. HP: 27/27 MP: 6/6
  2230 | D:4      | Reached * piety under Uskayaw
  2232 | D:4      | Reached ** piety under Uskayaw
  2239 | D:4      | Reached *** piety under Uskayaw
  2588 | D:4      | Reached XP level 6. HP: 26/32 MP: 7/7
  2589 | D:4      | Reached skill level 1 in Dodging
  2624 | D:4      | Found a glowing drain.
  2687 | D:4      | Reached skill level 2 in Dodging
  2705 | Sewer    | Entered a sewer
  2734 | Sewer    | Reached **** piety under Uskayaw
  2763 | Sewer    | Reached skill level 3 in Dodging
  2843 | Sewer    | Reached XP level 7. HP: 35/35 MP: 8/8
  3009 | Sewer    | Reached skill level 4 in Dodging
  3288 | D:4      | Found a basalt altar of Yredelemnul.
  3472 | D:5      | Entered Level 5 of the Dungeon
  3488 | D:5      | Killed from afar by an orc wizard

Illustrated notes

Levels and vault maps discovered:
D:1:      spicycebolla_green_bress_n_ham_2, layout_basic
D:2:      layout_basic, shapermc_ecumenical_altar_rom_forum, grunt_ministairs_15
D:3:      minmay_door_path, layout_basic, gammafunk_temple_overflow_statue,
          serial_shops, nicolae_shop_stone, kennysheep_big_empty_room
D:4:      layout_basic, yredelemnul_altar_generic, gup_sewer_entry_glass
D:5:      layout_loops_ring, minmay_temple_entry_waves, mrwooster_statue_mirror,
          fountainhead, grunt_ministairs_12

Skill      XL: |  1  2  3  4  5  6  7 |
---------------+----------------------+-----
Short Blades   | 2 3 |  3.9
Maces & Flails | 2 3 |  3.3
Dodging        | 3 4 |  4.0
Armour         | 3 |  3.5
Fighting       | |  2.6
Shields        | |  2.6

Action                     |  1- 3 |  4- 6 |  7- 9 || total
---------------------------+-------+-------+-------++-------
  Melee: Rapier            |   127 |     4 |       ||   131
         Bite              |    27 |    25 |    23 ||    75
         Whip              |       |   113 |   101 ||   214
   Stab: Held in net/web   |     1 |       |       ||     1
         Paralysed         |       |     3 |     2 ||     5
 Armour: Scale mail        |    80 |   120 |    68 ||   268
  Dodge: Dodged            |    54 |    73 |    49 ||   176
  Block: Buckler           |    37 |    36 |    23 ||    96

Table legend: (Time is in decaauts)
 A = Elapsed time spent in this place.
 B = Non-inter-level travel time spent in this place.
 C = Inter-level travel time spent in this place.
 D = Time resting spent in this place.
 E = Time spent auto-exploring this place.
 F = Levels seen in this place.
 G = Mean time per level.
                   A        B        C        D        E       F      G
               +--------+--------+--------+--------+--------+-----+--------+
         Total |   3505 |   3370 |    135 |      0 |   2596 |   6 |  584.2 |
       Dungeon |   3004 |   2869 |    135 |      0 |   2291 |   5 |  600.8 |
         Sewer |    501 |    501 |      0 |      0 |    305 |   1 |  501.0 |
               +--------+--------+--------+--------+--------+-----+--------+

Top non-repeatable levels by time:
     D:1: 775 daAuts
     D:4: 767 daAuts
     D:3: 756 daAuts
     D:2: 689 daAuts
   Sewer: 501 daAuts
     D:5: 15 daAuts
